 Dungeon Crawl Stone Soup version 0.19.0-2-gae57169 (webtiles) character file.

172 Medar the Caller (level 5, -3/29 HPs)
             Began as a Tengu Summoner on Nov 5, 2016.
             Was a Believer of Lugonu.
             Slain by an iguana (13 damage)
             ... on level 4 of the Dungeon.
             The game lasted 00:11:17 (3402 turns).

Medar the Caller (Tengu Summoner)                   Turns: 3402, Time: 00:11:17

Health: -3/29      AC:  5    Str:  8    XL:     5   Next: 52%
Magic:  4/9        EV: 13    Int: 17    God:    Lugonu [**....]
Gold:   224        SH:  0    Dex: 14    Spells: 3 memorised, 3 levels left

rFire  . . .     SeeInvis .     a - +2 mace (protect)
rCold  . . .     Gourm    .     e - +0 robe
rNeg   . . .     Faith    .     (no shield)
rPois  .         Spirit   .     k - +2 hat
rElec  .         Reflect  .     i - +0 cloak
rCorr  .         Harm     .     (no gloves)
MR     .....                    (boots unavailable)
Stlth  ++........               (no amulet)
                                u - +3 ring of slaying
                                y - ring of wizardry

@: no status effects
A: beak, talons 3, able to fly 1
a: Fly, Depart the Abyss, Bend Space, Renounce Religion


You were on level 4 of the Dungeon.
You worshipped Lugonu.
Lugonu was pleased with you.
You were very hungry.

You visited 1 branch of the dungeon, and saw 4 of its levels.

You collected 224 gold pieces.

Inventory:

Hand Weapons
 a - a +2 mace of protection (weapon)
Missiles
 n - 37 poisoned needles
Armour
 e - a +0 robe (worn)
 i - a +0 cloak (worn)
 k - a +2 hat (worn)
Rods
 m - a +0 rod of clouds (11/11) {!a}
   (You found it on level 4 of the Dungeon)
Jewellery
 l - an uncursed ring of protection from fire
 u - a +3 ring of slaying (right hand)
 w - an uncursed ring of ice
 x - an uncursed ring of protection from magic
 y - a ring of wizardry (left hand)
Scrolls
 g - 2 scrolls of teleportation
 r - a scroll of recharging {unknown}
 s - a scroll of immolation
 t - a scroll of magic mapping {unknown}
Potions
 d - 3 potions of haste
 f - a potion of magic {unknown}
 h - 3 potions of heal wounds
 j - a potion of agility {unknown}
 q - a potion of beneficial mutation {unknown}
 z - 2 potions of might {unknown}
 A - 2 potions of lignification {unknown}
 B - a potion of degeneration {unknown}
Books
 b - a book of Callings

   Spells                             Type                      Level
   a - Summon Small Mammal            Summoning                    1
   b - Call Imp                       Summoning                    2
   c - Call Canine Familiar           Summoning                    3
   d - Summon Guardian Golem          Hexes/Summoning              3
   e - Summon Lightning Spire         Summoning/Air                4
   f - Summon Ice Beast               Ice/Summoning                4
 D - a book of Necromancy

   Spells                             Type                      Level
   a - Pain                           Necromancy                   1
   b - Animate Skeleton               Necromancy                   1
   c - Vampiric Draining              Necromancy                   3
   d - Regeneration                   Charms/Necromancy            3
   e - Animate Dead                   Necromancy                   4
   f - Control Undead                 Necromancy                   4
Comestibles
 c - 2 bread rations {@e1}
 o - 2 beef jerkies
 p - 2 meat rations {@e2}
 v - 2 fruits {@e3}


   Skills:
 + Level 1.0 Fighting
 + Level 2.6 Dodging
 - Level 2.4 Stealth
 + Level 2.5 Spellcasting
 + Level 6.5 Summonings
 + Level 1.7 Invocations


You had 3 spell levels left.
You knew the following spells:

 Your Spells              Type           Power        Failure   Level  Hunger
d - Call Imp              Summ           ###.....     1%          2    ##.....
f - Call Canine Familiar  Summ           ###.....     1%          3    ###....
s - Summon Small Mammal   Summ           ###.         1%          1    #......


Dungeon Overview and Level Annotations

Branches:
Dungeon (4/15)
 Temple: D:4-7

Altars:
Ashenzari
Dithmenos
Vehumet
Lugonu


Innate Abilities, Weirdness & Mutations

You have a beak for a mouth.
You have claws for feet.
You can fly.


Message History

You see here a mace.
You are feeling very hungry.
There is a stone staircase leading up here.
An iguana comes into view.
The iguana hisses angrily.
The iguana closely misses you.
Casting: Call Imp
Confirm with . or Enter, or press ? or * to list all spells.
The iguana bites you.
You closely miss the iguana. The iguana closely misses you.
Your hound barely misses the iguana.
The iguana bites you!
Ouch! That really hurt!
You are too injured to fight recklessly!
Your hound closely misses the iguana.
Casting: Call Canine Familiar
Confirm with . or Enter, or press ? or * to list all spells.
A beastly little devil appears in a puff of flame.
Your hound bites the iguana but does no damage.
The iguana bites you!
You die...

#..######..# ##...# # ##.#
#..#.### #.###.##.#..
#..#..##.#.# ##...###.#.#
#.h####.#.# #l..##....# ## #####
#@#.....### .##
#...######5......##
..#####.#........####...#
..........#####.## #..#.#
.<..###..## #.# #.##.#########
.........######.# ##.##.......#..
..).####.#......###..#####.......
...#####.#.##....................


You could see an iguana, a friendly hound and a friendly crimson imp.

Vanquished Creatures
  Ijyb (D:2)
  A worm (D:3)
  2 dart slugs
  3 leopard geckos
  An orc (D:3)
  A ball python (D:2)
  8 bats
  A giant cockroach (D:1)
  4 goblins
  5 hobgoblins
  A jackal (D:1)
  2 frilled lizards
  A kobold (D:2)
  2 rats
33 creatures vanquished.

Vanquished Creatures (collateral kills)
  An ogre (D:4)
  Crazy Yiuf (D:4)
  Terence (D:2)
  4 worms (D:2)
  A dart slug (D:4)
  2 leopard geckos (D:1)
  2 orcs (D:3)
  4 goblins
  4 hobgoblins
  2 jackals (D:1)
  2 quokkas (D:2)
  2 bats
  A frilled lizard (D:1)
  2 kobolds
  3 rats
32 creatures vanquished.

Grand Total: 65 creatures vanquished

Notes
Turn   | Place    | Note
-------+----------+-------------------------------------------
     0 | D:1      | Medar the Tengu Summoner began the quest for the Orb.
     0 | D:1      | Reached XP level 1. HP: 10/10 MP: 4/4
   634 | D:1      | Reached XP level 2. HP: 15/15 MP: 6/6
   642 | D:1      | Learned a level 2 spell: Call Imp
   647 | D:1      | Reached skill level 5 in Summonings
  1194 | D:2      | Reached XP level 3. HP: 19/19 MP: 7/7
  1202 | D:2      | Learned a level 3 spell: Call Canine Familiar
  1210 | D:2      | Noticed Ijyb
  1495 | D:2      | Found a faded altar of an unknown god.
  1518 | D:2      | Noticed Terence
  1522 | D:2      | Became a worshipper of Lugonu the Unformed
  1522 | D:2      | Reached * piety under Lugonu
  1522 | D:2      | Reached ** piety under Lugonu
  1526 | D:2      | Killed Terence
  1526 | D:2      | Reached skill level 6 in Summonings
  1686 | D:2      | Reached XP level 4. HP: 24/24 MP: 8/8
  1893 | D:2      | Reached skill level 1 in Invocations
  2304 | D:2      | Killed Ijyb
  2363 | D:3      | Found a radiant altar of Vehumet.
  2405 | D:3      | Found a shadowy altar of Dithmenos.
  2883 | D:4      | Found a shattered altar of Ashenzari.
  2931 | D:4      | Noticed an ogre
  2943 | D:4      | Killed an ogre
  2943 | D:4      | Gained mutation: You can fly. [Tengu growth]
  2943 | D:4      | Reached XP level 5. HP: 28/28 MP: 2/9
  2953 | D:4      | Identified a +0 rod of clouds (11/11) (You found it on level 4 of the Dungeon)
  3250 | D:4      | Found a runed door.
  3314 | D:4      | Noticed Crazy Yiuf
  3323 | D:4      | Killed Crazy Yiuf
  3323 | D:4      | Reached skill level 1 in Fighting
  3402 | D:4      | Slain by an iguana

Skill      XL: |  1  2  3  4  5 |
---------------+----------------+-----
Summonings     | 5 6 |  6.5
Invocations    | 1 |  1.7
Fighting       | 1 |  1.0
Dodging        | |  2.6
Stealth        | |  2.4
Spellcasting   | |  2.5

Action                   |  1- 3 |  4- 6 || total
-------------------------+-------+-------++-------
Melee: Mace              |    40 |    40 ||    80
       Kick              |     4 |     7 ||    11
       Peck              |     5 |     4 ||     9
 Cast: Summon Small Mamm |    16 |       ||    16
       Call Imp          |    15 |    15 ||    30
       Call Canine Famil |     6 |     6 ||    12
  Use: Scroll            |     1 |     5 ||     6
 Stab: Sleeping          |       |     1 ||     1
  Eat: Chunk             |     4 |     6 ||    10
Armor: Robe              |    26 |    14 ||    40
Dodge: Dodged            |    53 |    27 ||    80
